 Dungeon Crawl Stone Soup version 0.19-a0-49-gb8736b8 (webtiles) character file.

21 M4edhros the Grave Robber (level 2, -1/17 HPs)
             Began as an Octopode Necromancer on May 6, 2016.
             Slain by a worm (5 damage)
             ... on level 3 of the Dungeon.
             The game lasted 00:03:04 (565 turns).

M4edhros the Grave Robber (Octopode Necromancer)     Turns: 565, Time: 00:03:04

Health: -1/17      AC:  6    Str:  5 (7)  XL:     2   Next: 87%
Magic:  5/5        EV: 12    Int: 15 (17) God:
Gold:   47         SH:  0    Dex:  9 (12) Spells: 3 memorised, 2 levels left

rFire  . . .     SeeInvis .     e - +2 dagger (protect)
rCold  . . .     Gourm    .     (no shield)
rNeg   . . .     Faith    .     (helmet restricted)
rPois  .         Spirit   .     (no amulet)
rElec  .         Dismiss  .     (no ring)
rCorr  .         Reflect  .     (no ring)
SustAt .         Harm     .     (no ring)
MR     .....                    (no ring)
Stlth  +++.......               (no ring)
                                (no ring)
                                (no ring)
                                (no ring)

@: not resistant to hostile enchantments, fairly stealthy
A: almost no armour, amphibious, 8 rings, constrict 8, camouflage 1, gelatinous
body 1
a: no special abilities


You were on level 3 of the Dungeon.
You were not hungry.

You visited 1 branch of the dungeon, and saw 3 of its levels.

You collected 47 gold pieces.

Inventory:

Hand Weapons
 c - a +1 dagger of venom
 e - a +2 dagger of protection (weapon)
Wands
 i - a wand of iceblast (6/15)
Scrolls
 d - a scroll of recharging {unknown}
 f - a scroll of teleportation {unknown}
 g - a scroll of noise {unknown}
 h - a scroll of random uselessness {unknown}
 j - a scroll of immolation {unknown}
 m - 3 scrolls of identify {unknown}
Potions
 k - a potion of degeneration
Books
 a - a book of Necromancy

   Spells                             Type                      Level
   a - Pain                           Necromancy                   1
   b - Animate Skeleton               Necromancy                   1
   c - Vampiric Draining              Necromancy                   3
   d - Regeneration                   Charms/Necromancy            3
   e - Animate Dead                   Necromancy                   4
   f - Control Undead                 Necromancy                   4
 l - a book of Cantrips

   Spells                             Type                      Level
   a - Corona                         Hexes                        1
   b - Animate Skeleton               Necromancy                   1
   c - Summon Small Mammal            Summoning                    1
   d - Apportation                    Translocation                1
Comestibles
 b - a bread ration
 n - a chunk of flesh


   Skills:
 - Level 2.0 Dodging
 - Level 2.6 Stealth
 + Level 2.4 Unarmed Combat
 - Level 2.0 Spellcasting
 - Level 4.0 Necromancy


You had 2 spell levels left.
You knew the following spells:

 Your Spells              Type           Power        Failure   Level  Hunger
a - Pain                  Necr           ##..         4%          1    #......
b - Animate Skeleton      Necr           N/A          4%          1    #......
c - Summon Small Mammal   Summ           #...         21%         1    #......


Dungeon Overview and Level Annotations

Branches:
Dungeon (3/15)

Altars:

Annotations:
D:3 Natasha


Innate Abilities, Weirdness & Mutations

You cannot wear most types of armour.
You are amphibious.
You can wear up to eight rings at the same time.
You can use your tentacles to constrict eight enemies at once.
Your skin changes colour to match your surroundings (Stealth).
Your rubbery body absorbs attacks (AC +1).


Message History

The dart slug is moderately wounded.
You constrict the dart slug. The dart slug closely misses you.
You hit the dart slug.
The dart slug is heavily wounded.
You constrict the dart slug.
The dart slug bites you but does no damage.
You hit the dart slug.
The dart slug is almost dead.
You constrict the dart slug. The dart slug barely misses you.
You hit the dart slug but do no damage. You tentacle-slap the dart slug.
You kill the dart slug!
You barely miss the worm. You grab the worm. You constrict the worm.
You hit the worm but do no damage. You squeeze the worm.
The worm is lightly wounded.
You constrict the worm. The worm bites you.
* * * LOW HITPOINT WARNING * * *
You hit the worm.
The worm is heavily wounded.
You constrict the worm. The worm bites you.
You die...

########.............
#....................
#....................
#....................
#....................
#....................
#....................
##................##..
##.............@...#
#..............w....#
#......................
#...............K..##..
. #....................
. .
#.......<...S....#####
.. ##................
.. #............##.# #.
######........... #


You could see a worm, an adder and a kobold (sleeping).

Vanquished Creatures
  An ooze (D:3)
  2 dart slugs (D:3)
  3 hobgoblins (D:2)
  A jackal (D:3)
  4 kobolds (D:2)
  A bat (D:3)
  2 giant newts
14 creatures vanquished.

Vanquished Creatures (others)
  A giant cockroach (D:3)
1 creature vanquished.

Grand Total: 15 creatures vanquished

Notes
Turn   | Place    | Note
--------------------------------------------------------------
     0 | D:1      | M4edhros the Octopode Necromancer began the quest for the Orb.
     0 | D:1      | Reached XP level 1. HP: 11/11 MP: 3/3
    81 | D:2      | Reached skill level 1 in Unarmed Combat
   257 | D:2      | Reached XP level 2. HP: 17/17 MP: 5/5
   365 | D:3      | Learned a level 1 spell: Summon Small Mammal
   372 | D:3      | Learned a level 1 spell: Animate Skeleton
   380 | D:3      | Noticed Natasha
   565 | D:3      | Slain by a worm

Vault maps used:
D:1:      dpeg_arrival_long_road
D:3:      uniq_natasha

Skill      XL: |  1  2 |
---------------+-------+-----
Unarmed Combat | 1 2 |  2.4
Dodging        | |  2.0
Stealth        | |  2.6
Spellcasting   | |  2.0
Necromancy     | |  4.0

Action                   || total
-------------------------++-------
Melee: Dagger            ||    28
       Constrict         ||     7
       Tentacles         ||     4
       Unarmed           ||     1
       Punch             ||     1
 Cast: Pain              ||     3
       Summon Small Mamm ||     4
  Use: Potion            ||     2
       Scroll            ||     1
 Stab: Sleeping          ||     4
Armor: Skin              ||    16
Dodge: Dodged            ||    23
